 Dungeon Crawl Stone Soup version 0.31-a0-175-g9f7f995f2b (webtiles) character file.

Game seed: 15844033487557850510

11207 qw the Skirmisher (level 11, -6/106 HPs)
             Began as a Naga Hunter on June 17, 2023.
             Was a Believer of Okawaru.
             Mangled by a skyshark (15 damage)
             ... on level 2 of the Lair of Beasts.
             The game lasted 00:05:45 (10819 turns).

qw the Skirmisher (Naga Hunter)                    Turns: 10819, Time: 00:05:45

Health: -6/106     AC: 21    Str: 13    XL:     11   Next: 74%
Magic:  10/12      EV: 16    Int: 11    God:    Okawaru [**....]
Gold:   287        SH:  0    Dex: 24    Spells: 10/10 levels left

rFire   . . .        m - +0 orcbow
rCold   + . .        (shield currently unavailable)
rNeg    . . .        n - +2 robe {Will+}
rPois   +            t - +0 helmet
rElec   .            e - +2 cloak
rCorr   .            (no gloves)
SInv    +            w - +0 barding
Will    ++...        b - amulet of faith
Stlth   ++++         f - +6 ring of dexterity
HPRegen 0.37/turn    p - +4 ring of protection
MPRegen 0.13/turn

%: faith
@: short of breath, heroic, very slow
A: AC +3, large, see invisible, deformed body, poison resistance, slowness 2,
spit poison 1, naga tail 1, cold resistance 1, low MP 1, wild magic 1
a: Spit Poison, Renounce Religion, Heroism


You were on level 2 of the Lair of Beasts.
You worshipped Okawaru.
Okawaru was pleased with you.
You visited 3 branches of the dungeon, and saw 13 of its levels.
You also visited: Sewer.

You collected 513 gold pieces.
You spent 226 gold pieces at shops.


Innate Abilities, Weirdness & Mutations

Your serpentine skin is tough. (AC +3)
You have supernaturally acute eyesight. (SInv)
Armour fits poorly on your strangely shaped body.
Your system is resistant to poisons. (rPois)
You cover ground very slowly.
You can spit poison.
You have a snake-like lower body.
Your flesh is cold resistant. (rC+)
Your magical capacity is low. (-10% MP)
Your spells are a little harder to cast, but a little more powerful.


   Skills:
 - Level 9.0(14.0) Fighting
 - Level 13.0(18.0) Ranged Weapons
 - Level 3.0(8.0) Armour
 + Level 5.6(10.6) Dodging
 - Level 1.5(6.5) Stealth
 - Level 4.3 Invocations


You had 10 spell levels left.
You didn't know any spells.
Your spell library was empty.

Inventory:

Hand Weapons
 m - a +0 orcbow (weapon)
Armour
 e - a +2 cloak (worn)
 n - a +2 robe of willpower (worn)
 o - a +2 robe of cold resistance
 s - +0 steam dragon scales
 t - a +0 helmet (worn)
 w - a +0 barding (worn)
Jewellery
 b - an amulet of faith (around neck)
 f - a +6 ring of dexterity (left hand)
 p - a +4 ring of protection (right hand)
 u - an amulet of reflection
 Y - a ring of protection from fire
Wands
 q - a wand of digging (9)
Scrolls
 l - 3 scrolls of identify
Potions
 a - 4 potions of mutation
 g - 3 potions of curing
 h - 2 potions of haste
 i - a potion of cancellation
 j - 2 potions of might
 k - a potion of resistance
 r - a potion of enlightenment

Dungeon Overview and Level Annotations

Branches:
Dungeon (10/15)            Temple (1/1) D:4            Lair (2/5) D:9
  Sewer (visited)
  Swamp: Lair:2-3    Shoals: Lair:2-3     Snake: Lair:2-3    Spider: Lair:2-3
    Orc: D:9-12

Altars:
Ashenzari
Cheibriados
Dithmenos
Elyvilon
Fedhas
Hepliaklqana
Kikubaaqudgha
Nemelex Xobeh
Okawaru
Qazlal
Sif Muna
Trog
Uskayaw
Vehumet
Wu Jian
Xom
Zin
The Shining One

Shops:
D:4 [   D:6 *?:=:*

Annotations:
D:7 3 runed translucent doors, qw's ghost, novice GrFi


Message History

The skyshark misses you. The skyshark tail-slaps you!
You shoot an arrow. The arrow barely misses the skyshark.
The black mamba bites you but does no damage.
The skyshark misses you. x2
The skyshark tail-slaps you but does no damage.
You shoot an arrow. The arrow hits the skyshark!!
The skyshark is severely wounded.
The black mamba bites you but does no damage.
The skyshark barely misses you.
The skyshark tail-slaps you but does no damage.
The skyshark completely misses you. The black mamba completely misses you.
You shoot an arrow.
The arrow hits the skyshark but does no damage.
The skyshark is severely wounded.
You have got your breath back.
The black mamba bites you but does no damage.
The skyshark closely misses you. The skyshark completely misses you.
The skyshark closely misses you.
10816 ||| INVOKING Spit Poison.
Aiming: Spit Poison (1% risk of failure)
Press: ? - help, Shift-Dir - straight line, f/p - skyshark The splash of poison misses the skyshark.
The black mamba barely misses you. The skyshark bites you.
The skyshark tail-slaps you. The skyshark misses you.
The black mamba bites you.
You shoot an arrow. The arrow hits the skyshark!
The skyshark is severely wounded.
The skyshark misses you. The skyshark tail-slaps you.
The skyshark tail-slaps you but does no damage.
The black mamba bites you but does no damage.
You shoot an arrow.
The arrow hits the skyshark but does no damage.
The skyshark is severely wounded.
The skyshark looks more healthy.
The skyshark bites you. The skyshark tail-slaps you.
The skyshark tail-slaps you but does no damage.
The black mamba bites you!
You shoot an arrow. The arrow hits the skyshark.
The skyshark is severely wounded.
The skyshark bites you!
You die...

##### .###.P... #
#.#P# %........
..#..#.<.###.........
#.......###.#........
#...#####...%.........
#. #.............
#..##.ยค......#
#.###.#l.##..# #.#
##@..# ........S..#
............#
..#...#..##.... ##
....## ##.... P..
....# ### ....).
###$..


You could see a skyshark (berserk) and a black mamba.

Vanquished Creatures
  A centaur warrior (D:10)
  A boulder beetle (D:10)
  A two-headed ogre (D:10)
  A black mamba (Lair:1)
  4 cane toads
  An unseen horror (D:6)
  Maggie (D:9)
  A komodo dragon (Lair:1)
  A polar bear (Lair:1)
  Prince Ribbit (D:6)
  Grinder (D:6)
  Sigmund (D:4)
  3 wyverns
  5 yaks (D:9)
  A basilisk (D:10)
  4 steam dragons
  2 vampire mosquitoes (D:10)
  3 water moccasins
  3 orc warriors
  2 black bears (D:6)
  A phantom (D:5)
  3 wolves (Lair:1)
  3 ogres
  4 kobold brigands
  A scorpion (Lair:1)
  4 bullfrogs
  9 wights
  A jelly (D:8)
  14 killer bees
  A howler monkey (D:8)
  4 orc priests
  5 hounds (D:6)
  3 gnoll boudas
  6 iguanas
  A sleepcap (D:5)
  7 orc wizards
  4 hell rats (Lair:1)
  15 gnolls
  12 adders
  7 river rats (Sewer)
  2 white imps
  An ufetubus (D:4)
  A dart slug (D:1)
  41 orcs
  8 ball pythons
  7 bats
  7 endoplasms
  2 giant cockroaches
  12 goblins
  9 hobgoblins
  2 jackals (D:1)
  3 quokkas (D:2)
  5 frilled lizards
  41 kobolds
  25 rats
309 creatures vanquished.

Notes
Turn   | Place    | Note
-------+----------+-------------------------------------------
     0 | D:1      | qw the Naga Hunter began the quest for the Orb.
     0 | D:1      | Reached XP level 1. HP: 19/19 MP: 1/1
     0 | D:1      | 0 ||| qw: Version: 0.3-a-2-g5ab2908
     0 | D:1      | 0 ||| qw: Game counter: 149
     0 | D:1      | 0 ||| qw: Always use a shield: true
     0 | D:1      | 0 ||| qw: God list: Okawaru
     0 | D:1      | 0 ||| qw: Allow faded altars: false
     0 | D:1      | 0 ||| qw: Do Orc after D:15 true
     0 | D:1      | 0 ||| qw: Do second Lair branch before Depths: true
     0 | D:1      | 0 ||| qw: Lair rune preference: random
     0 | D:1      | 0 ||| qw: Plans: Normal
     0 | D:1      | 0 ||| PLANNING D:1-11
    39 | D:1      | 39 ||| INVOKING Spit Poison.
   161 | D:1      | 161 ||| INVOKING Spit Poison.
   163 | D:1      | Reached skill level 4 in Ranged Weapons
   163 | D:1      | Reached XP level 2. HP: 26/26 MP: 2/2
   164 | D:1      | 164 ||| INVOKING Spit Poison.
   169 | D:1      | 169 ||| INVOKING Spit Poison.
   174 | D:1      | 174 ||| INVOKING Spit Poison.
   213 | D:1      | 213 ||| INVOKING Spit Poison.
   233 | D:1      | 233 ||| INVOKING Spit Poison.
   281 | D:1      | 281 ||| INVOKING Spit Poison.
   386 | D:1      | 386 ||| INVOKING Spit Poison.
   400 | D:1      | 400 ||| INVOKING Spit Poison.
   402 | D:1      | Reached XP level 3. HP: 32/32 MP: 3/3
   430 | D:1      | 430 ||| INVOKING Spit Poison.
   433 | D:1      | 433 ||| INVOKING Spit Poison.
   455 | D:1      | 455 ||| INVOKING Spit Poison.
   482 | D:1      | 482 ||| INVOKING Spit Poison.
   759 | D:1      | 759 ||| INVOKING Spit Poison.
   776 | D:1      | 776 ||| INVOKING Spit Poison.
  1080 | D:1      | 1080 ||| READING scroll labelled NABRO KUD CEN.
  1081 | D:1      | 1081 ||| READING scroll labelled JYLLIL JYCEEM.
  1082 | D:1      | 1082 ||| READING scroll labelled FECZEF XATHO.
  1083 | D:1      | 1083 ||| READING scroll labelled SAISY PAUMUI.
  1086 | D:1      | 1086 ||| DRINKING 3 viscous purple potions.
  1087 | D:1      | 1087 ||| DRINKING 2 metallic grey potions.
  1088 | D:1      | 1088 ||| DROPPING scroll of butterflies.
  1089 | D:1      | 1089 ||| DROPPING potion of brilliance.
  1126 | D:2      | 1126 ||| INVOKING Spit Poison.
  1130 | D:2      | 1130 ||| INVOKING Spit Poison.
  1196 | D:2      | 1196 ||| INVOKING Spit Poison.
  1248 | D:2      | 1248 ||| INVOKING Spit Poison.
  1391 | D:2      | 1391 ||| INVOKING Spit Poison.
  1412 | D:2      | 1412 ||| INVOKING Spit Poison.
  1417 | D:2      | 1417 ||| INVOKING Spit Poison.
  1418 | D:2      | Reached skill level 5 in Ranged Weapons
  1418 | D:2      | Reached XP level 4. HP: 35/39 MP: 4/4
  1471 | D:2      | 1471 ||| INVOKING Spit Poison.
  1472 | D:2      | 1472 ||| INVOKING Spit Poison.
  1484 | D:2      | 1484 ||| INVOKING Spit Poison.
  1500 | D:2      | 1500 ||| INVOKING Spit Poison.
  1542 | D:2      | 1542 ||| INVOKING Spit Poison.
  1546 | D:2      | 1546 ||| INVOKING Spit Poison.
  1547 | D:2      | 1547 ||| INVOKING Spit Poison.
  1662 | D:2      | 1662 ||| UPGRADING to +0 cloak.
  1667 | D:2      | 1667 ||| UPGRADING to +4 ring of protection.
  1668 | D:2      | 1668 ||| READING scroll labelled XOMUNANKUSM.
  1669 | D:2      | 1669 ||| READING scroll labelled TICWIF MEAVVU.
  1689 | D:3      | 1689 ||| PLANNING SEWER
  1689 | D:3      | 1689 ||| INVOKING Spit Poison.
  1716 | D:3      | 1716 ||| INVOKING Spit Poison.
  1722 | D:3      | 1722 ||| INVOKING Spit Poison.
  1726 | D:3      | 1726 ||| INVOKING Spit Poison.
  1749 | D:3      | 1749 ||| INVOKING Spit Poison.
  1781 | D:3      | 1781 ||| INVOKING Spit Poison.
  1788 | D:3      | 1788 ||| INVOKING Spit Poison.
  1792 | D:3      | 1792 ||| INVOKING Spit Poison.
  1795 | D:3      | 1795 ||| INVOKING Spit Poison.
  1800 | D:3      | Reached skill level 3 in Fighting
  1867 | D:3      | 1867 ||| INVOKING Spit Poison.
  1932 | D:3      | 1932 ||| INVOKING Spit Poison.
  1933 | D:3      | Reached XP level 5. HP: 49/49 MP: 5/5
  1934 | D:3      | Found a glowing drain.
  1935 | D:3      | 1935 ||| UPGRADING to amulet of faith.
  1940 | D:3      | 1940 ||| READING scroll labelled WATREFA APEW.
  2021 | D:3      | 2021 ||| READING scroll labelled PODEOB CENY.
  2030 | Sewer    | Entered a sewer
  2039 | Sewer    | 2039 ||| INVOKING Spit Poison.
  2042 | Sewer    | 2042 ||| INVOKING Spit Poison.
  2047 | Sewer    | 2047 ||| INVOKING Spit Poison.
  2066 | Sewer    | 2066 ||| INVOKING Spit Poison.
  2087 | Sewer    | Noticed a kobold brigand
  2088 | Sewer    | 2088 ||| INVOKING Spit Poison.
  2093 | Sewer    | 2093 ||| INVOKING Spit Poison.
  2099 | Sewer    | Killed a kobold brigand
  2150 | Sewer    | 2150 ||| INVOKING Spit Poison.
  2157 | Sewer    | 2157 ||| INVOKING Spit Poison.
  2163 | Sewer    | 2163 ||| INVOKING Spit Poison.
  2165 | Sewer    | Reached skill level 6 in Ranged Weapons
  2169 | Sewer    | 2169 ||| INVOKING Spit Poison.
  2172 | Sewer    | 2172 ||| INVOKING Spit Poison.
  2176 | Sewer    | 2176 ||| INVOKING Spit Poison.
  2179 | Sewer    | Reached XP level 6. HP: 48/56 MP: 6/6
  2180 | Sewer    | 2180 ||| INVOKING Spit Poison.
  2183 | Sewer    | 2183 ||| INVOKING Spit Poison.
  2186 | Sewer    | 2186 ||| INVOKING Spit Poison.
  2189 | Sewer    | 2189 ||| INVOKING Spit Poison.
  2339 | Sewer    | 2339 ||| Stepping ~*~*~tactically~*~*~ (outnumbered).
  2340 | Sewer    | 2340 ||| INVOKING Spit Poison.
  2345 | Sewer    | 2345 ||| INVOKING Spit Poison.
  2387 | Sewer    | 2387 ||| INVOKING Spit Poison.
  2401 | Sewer    | 2401 ||| INVOKING Spit Poison.
  2404 | Sewer    | 2404 ||| INVOKING Spit Poison.
  2409 | Sewer    | 2409 ||| INVOKING Spit Poison.
  2417 | Sewer    | 2417 ||| INVOKING Spit Poison.
  2424 | Sewer    | 2424 ||| INVOKING Spit Poison.
  2436 | Sewer    | 2436 ||| Stepping ~*~*~tactically~*~*~ (outnumbered).
  2437 | Sewer    | 2437 ||| INVOKING Spit Poison.
  2444 | Sewer    | 2444 ||| INVOKING Spit Poison.
  2451 | Sewer    | 2451 ||| INVOKING Spit Poison.
  2598 | Sewer    | 2598 ||| INVOKING Spit Poison.
  2608 | Sewer    | 2608 ||| INVOKING Spit Poison.
  2618 | Sewer    | 2618 ||| INVOKING Spit Poison.
  2625 | Sewer    | 2625 ||| INVOKING Spit Poison.
  2818 | Sewer    | 2818 ||| DRINKING 3 fizzy brown potions.
  2818 | Sewer    | Gained mutation: Your spells are a little harder to cast,
                  | but a little more powerful. [potion of mutation]
  2818 | Sewer    | Gained mutation: Your magical capacity is low. (-10% MP)
                  | [potion of mutation]
  2818 | Sewer    | Gained mutation: Your flesh is cold resistant. (rC+)
                  | [potion of mutation]
  2819 | Sewer    | 2819 ||| DRINKING 2 inky potions.
  2845 | D:3      | 2845 ||| PLANNING D:1-11
  2875 | D:3      | 2875 ||| INVOKING Spit Poison.
  2909 | D:3      | 2909 ||| INVOKING Spit Poison.
  2942 | D:3      | 2942 ||| INVOKING Spit Poison.
  2947 | D:3      | 2947 ||| INVOKING Spit Poison.
  2970 | D:3      | 2970 ||| INVOKING Spit Poison.
  2995 | D:3      | 2995 ||| INVOKING Spit Poison.
  3004 | D:3      | 3004 ||| INVOKING Spit Poison.
  3033 | D:3      | 3033 ||| INVOKING Spit Poison.
  3210 | D:3      | 3210 ||| DRINKING 3 blue potions.
  3250 | D:4      | Found a shimmering blue altar of Sif Muna.
  3311 | D:4      | 3311 ||| INVOKING Spit Poison.
  3327 | D:4      | 3327 ||| INVOKING Spit Poison.
  3332 | D:4      | 3332 ||| INVOKING Spit Poison.
  3335 | D:4      | Reached XP level 7. HP: 62/64 MP: 6/6
  3360 | D:4      | 3360 ||| INVOKING Spit Poison.
  3366 | D:4      | 3366 ||| INVOKING Spit Poison.
  3368 | D:4      | Found Haurar's Antique Armour Emporium.
  3371 | D:4      | Found a staircase to the Ecumenical Temple.
  3372 | D:4      | 3372 ||| PLANNING TEMPLE
  3380 | Temple   | Entered the Ecumenical Temple
  3493 | Temple   | 3493 ||| PLANNING D:1-11
  3504 | D:4      | 3504 ||| BUYING runed robe (103 gold).
  3504 | D:4      | Bought a runed robe for 103 gold pieces
  3507 | D:4      | 3507 ||| INVOKING Spit Poison.
  3512 | D:4      | 3512 ||| INVOKING Spit Poison.
  3518 | D:4      | Reached skill level 7 in Ranged Weapons
  3559 | D:4      | 3559 ||| INVOKING Spit Poison.
  3582 | D:4      | 3582 ||| INVOKING Spit Poison.
  3756 | D:4      | 3756 ||| INVOKING Spit Poison.
  3764 | D:4      | 3764 ||| INVOKING Spit Poison.
  3848 | D:4      | 3848 ||| INVOKING Spit Poison.
  4109 | D:4      | 4109 ||| INVOKING Spit Poison.
  4145 | D:4      | Noticed Sigmund
  4147 | D:4      | 4147 ||| INVOKING Spit Poison.
  4153 | D:4      | 4153 ||| INVOKING Spit Poison.
  4154 | D:4      | Killed Sigmund
  4198 | D:4      | 4198 ||| UPGRADING to +2 robe of willpower.
  4208 | D:4      | 4208 ||| DROPPING +0 leather armour.
  4209 | D:4      | 4209 ||| READING scroll labelled ESCHUEQOITS.
  4210 | D:4      | 4210 ||| READING 3 scrolls labelled ERAITHUAMU.
  4211 | D:4      | 4211 ||| READING 2 scrolls of enchant armour.
  4211 | D:4      | 4211 ||| ENCHANTING +0 cloak.
  4212 | D:4      | 4212 ||| READING scroll of enchant armour.
  4212 | D:4      | 4212 ||| ENCHANTING +1 cloak.
  4238 | D:5      | Entered Level 5 of the Dungeon
  4241 | D:5      | 4241 ||| INVOKING Spit Poison.
  4244 | D:5      | 4244 ||| INVOKING Spit Poison.
  4247 | D:5      | 4247 ||| INVOKING Spit Poison.
  4257 | D:5      | 4257 ||| INVOKING Spit Poison.
  4259 | D:5      | HP: 15/64 [phantom (4)]
  4260 | D:5      | 4260 ||| READING scroll of teleportation.
  4261 | D:5      | 4261 ||| DRINKING 4 potions of heal wounds.
  4264 | D:5      | 4264 ||| INVOKING Spit Poison.
  4378 | D:5      | 4378 ||| INVOKING Spit Poison.
  4380 | D:5      | Reached XP level 8. HP: 72/72 MP: 7/7
  4406 | D:5      | Reached skill level 8 in Ranged Weapons
  4406 | D:5      | 4406 ||| INVOKING Spit Poison.
  4413 | D:5      | 4413 ||| INVOKING Spit Poison.
  4426 | D:5      | 4426 ||| INVOKING Spit Poison.
  4485 | D:5      | 4485 ||| INVOKING Spit Poison.
  4491 | D:5      | 4491 ||| INVOKING Spit Poison.
  4681 | D:5      | 4681 ||| INVOKING Spit Poison.
  4690 | D:5      | 4690 ||| INVOKING Spit Poison.
  4691 | D:5      | 4691 ||| INVOKING Spit Poison.
  4692 | D:5      | 4692 ||| Stepping ~*~*~tactically~*~*~ (outnumbered).
  4697 | D:5      | 4697 ||| INVOKING Spit Poison.
  4704 | D:5      | 4704 ||| INVOKING Spit Poison.
  4708 | D:5      | 4708 ||| INVOKING Spit Poison.
  4713 | D:5      | 4713 ||| INVOKING Spit Poison.
  5020 | D:5      | 5020 ||| UPGRADING to +0 helmet.
  5025 | D:5      | 5025 ||| UPGRADING to +0 barding.
  5030 | D:5      | 5030 ||| READING scroll labelled BAFUEL WUEMA.
  5031 | D:5      | 5031 ||| READING scroll labelled ZELUMI NO IWEPH.
  5032 | D:5      | 5032 ||| DRINKING 2 bubbling brown potions.
  5049 | D:5      | 5049 ||| DROPPING potion of lignification.
  5074 | D:6      | Noticed Prince Ribbit
  5075 | D:6      | 5075 ||| INVOKING Spit Poison.
  5081 | D:6      | 5081 ||| INVOKING Spit Poison.
  5085 | D:6      | Killed Prince Ribbit
  5114 | D:6      | 5114 ||| INVOKING Spit Poison.
  5120 | D:6      | 5120 ||| INVOKING Spit Poison.
  5123 | D:6      | 5123 ||| INVOKING Spit Poison.
  5129 | D:6      | 5129 ||| INVOKING Spit Poison.
  5136 | D:6      | HP: 10/74 [kobold/+2 whip of electrocution (18)]
  5137 | D:6      | 5137 ||| READING scroll of teleportation.
  5138 | D:6      | 5138 ||| DRINKING 3 potions of heal wounds.
  5139 | D:6      | 5139 ||| INVOKING Spit Poison.
  5211 | D:6      | 5211 ||| INVOKING Spit Poison.
  5212 | D:6      | Noticed Grinder
  5216 | D:6      | 5216 ||| INVOKING Spit Poison.
  5221 | D:6      | Reached skill level 9 in Ranged Weapons
  5222 | D:6      | 5222 ||| INVOKING Spit Poison.
  5229 | D:6      | 5229 ||| INVOKING Spit Poison.
  5246 | D:6      | Killed Grinder
  5247 | D:6      | Reached skill level 6 in Fighting
  5247 | D:6      | Reached XP level 9. HP: 74/82 MP: 8/8
  5277 | D:6      | 5277 ||| INVOKING Spit Poison.
  5280 | D:6      | Reached skill level 3 in Dodging
  5280 | D:6      | Found Tawoybb's Magic Scroll Shoppe.
  5285 | D:6      | 5285 ||| BUYING scroll of enchant weapon (97 gold).
  5285 | D:6      | Bought a scroll of enchant weapon for 97 gold pieces
  5285 | D:6      | 5285 ||| BUYING scroll of identify (26 gold).
  5285 | D:6      | Bought a scroll of identify for 26 gold pieces
  5285 | D:6      | 5285 ||| READING scroll of enchant weapon.
  5285 | D:6      | 5285 ||| ENCHANTING +0 shortbow of flaming.
  5305 | D:6      | Found Woolouli's Assorted Antiques.
  5309 | D:6      | 5309 ||| INVOKING Spit Poison.
  5313 | D:6      | 5313 ||| INVOKING Spit Poison.
  5329 | D:6      | 5329 ||| SHOPLISTING potion of curing (81 gold, have 10).
  5329 | D:6      | 5329 ||| SHOPLISTING runed cabochon ring (135 gold, have
                  | 10).
  5329 | D:6      | 5329 ||| SHOPLISTING scroll labelled BIWOGY REGGUICKU (27
                  | gold, have 10).
  5329 | D:6      | 5329 ||| SHOPLISTING sedimented orange potion (24 gold,
                  | have 10).
  5357 | D:6      | 5357 ||| INVOKING Spit Poison.
  5367 | D:6      | Found Qial's Book Emporium.
  5377 | D:6      | Noticed an unseen horror
  5378 | D:6      | 5378 ||| INVOKING Spit Poison.
  5382 | D:6      | 5382 ||| INVOKING Spit Poison.
  5384 | D:6      | Killed an unseen horror
  5429 | D:6      | 5429 ||| INVOKING Spit Poison.
  5436 | D:6      | Found Haurar's Book Boutique.
  5439 | D:6      | Found Laadofed's Lightly-Used Armoury.
  5455 | D:6      | 5455 ||| SHOPLISTING -1 triple crossbow (60 gold, have 10).
  5458 | D:6      | 5458 ||| INVOKING Spit Poison.
  5463 | D:6      | 5463 ||| INVOKING Spit Poison.
  5482 | D:6      | 5482 ||| INVOKING Spit Poison.
  5485 | D:6      | 5485 ||| INVOKING Spit Poison.
  5509 | D:6      | 5509 ||| INVOKING Spit Poison.
  5514 | D:6      | 5514 ||| INVOKING Spit Poison.
  5522 | D:6      | 5522 ||| INVOKING Spit Poison.
  5550 | D:6      | 5550 ||| INVOKING Spit Poison.
  5555 | D:6      | 5555 ||| INVOKING Spit Poison.
  5582 | D:6      | 5582 ||| INVOKING Spit Poison.
  5588 | D:6      | 5588 ||| INVOKING Spit Poison.
  5590 | D:6      | Reached skill level 10 in Ranged Weapons
  5617 | D:6      | Found a hazy altar of Hepliaklqana.
  5740 | D:6      | Found Hisifet's Jewellery Shop.
  5745 | D:6      | 5745 ||| SHOPLISTING amulet of regeneration (420 gold, have
                  | 32).
  5745 | D:6      | 5745 ||| SHOPLISTING ring of resist corrosion (280 gold,
                  | have 32).
  5786 | D:6      | 5786 ||| UPGRADING to ring of protection from fire.
  5787 | D:6      | 5787 ||| READING scroll labelled BIWOGY REGGUICKU.
  5788 | D:6      | 5788 ||| DRINKING 2 fizzy pink potions.
  5789 | D:6      | 5789 ||| READING 3 scrolls of identify.
  5789 | D:6      | 5789 ||| IDENTIFYING sedimented black potion
  5790 | D:6      | 5790 ||| READING 2 scrolls of identify.
  5790 | D:6      | 5790 ||| IDENTIFYING lumpy grey potion
  5814 | D:7      | 5814 ||| INVOKING Spit Poison.
  5839 | D:7      | 5839 ||| INVOKING Spit Poison.
  5847 | D:7      | 5847 ||| INVOKING Spit Poison.
  5868 | D:7      | 5868 ||| INVOKING Spit Poison.
  5874 | D:7      | 5874 ||| INVOKING Spit Poison.
  5884 | D:7      | 5884 ||| INVOKING Spit Poison.
  5934 | D:7      | 5934 ||| INVOKING Spit Poison.
  5959 | D:7      | 5959 ||| INVOKING Spit Poison.
  5966 | D:7      | Found a runed translucent gate.
  5966 | D:7      | Found a runed translucent gate.
  5966 | D:7      | Found a runed translucent gate.
  5971 | D:7      | Noticed qw's ghost (novice GrFi)
  6124 | D:7      | 6124 ||| Stepping ~*~*~tactically~*~*~ (outnumbered).
  6126 | D:7      | 6126 ||| INVOKING Spit Poison.
  6131 | D:7      | 6131 ||| INVOKING Spit Poison.
  6136 | D:7      | 6136 ||| Stepping ~*~*~tactically~*~*~ (outnumbered).
  6137 | D:7      | 6137 ||| INVOKING Spit Poison.
  6141 | D:7      | 6141 ||| INVOKING Spit Poison.
  6287 | D:7      | 6287 ||| Stepping ~*~*~tactically~*~*~ (outnumbered).
  6289 | D:7      | 6289 ||| Stepping ~*~*~tactically~*~*~ (outnumbered).
  6291 | D:7      | 6291 ||| INVOKING Spit Poison.
  6342 | D:7      | 6342 ||| INVOKING Spit Poison.
  6348 | D:7      | 6348 ||| INVOKING Spit Poison.
  6357 | D:7      | 6357 ||| INVOKING Spit Poison.
  6363 | D:7      | 6363 ||| READING scroll of brand weapon.
  6363 | D:7      | 6363 ||| BRANDING +1 shortbow of flaming.
  6412 | D:7      | 6412 ||| INVOKING Spit Poison.
  6418 | D:7      | 6418 ||| INVOKING Spit Poison.
  6423 | D:7      | 6423 ||| INVOKING Spit Poison.
  6429 | D:7      | 6429 ||| INVOKING Spit Poison.
  6451 | D:7      | 6451 ||| INVOKING Spit Poison.
  6459 | D:7      | 6459 ||| INVOKING Spit Poison.
  6696 | D:7      | 6696 ||| INVOKING Spit Poison.
  6893 | D:7      | 6893 ||| DRINKING 2 purple potions.
  6894 | D:7      | 6894 ||| READING 3 scrolls of identify.
  6894 | D:7      | 6894 ||| IDENTIFYING dark potion
  6895 | D:7      | 6895 ||| READING 2 scrolls of identify.
  6895 | D:7      | 6895 ||| IDENTIFYING sedimented orange potion
  6896 | D:7      | 6896 ||| DROPPING potion of degeneration.
  6897 | D:7      | 6897 ||| DROPPING potion of ambrosia.
  6909 | D:8      | 6909 ||| INVOKING Spit Poison.
  6921 | D:8      | Found a broken altar of Ashenzari.
  6940 | D:8      | 6940 ||| Stepping ~*~*~tactically~*~*~ (outnumbered).
  6942 | D:8      | 6942 ||| INVOKING Spit Poison.
  6950 | D:8      | 6950 ||| INVOKING Spit Poison.
  6954 | D:8      | 6954 ||| INVOKING Spit Poison.
  6961 | D:8      | 6961 ||| INVOKING Spit Poison.
  7100 | D:8      | 7100 ||| INVOKING Spit Poison.
  7105 | D:8      | 7105 ||| INVOKING Spit Poison.
  7113 | D:8      | 7113 ||| INVOKING Spit Poison.
  7118 | D:8      | 7118 ||| INVOKING Spit Poison.
  7124 | D:8      | 7124 ||| INVOKING Spit Poison.
  7130 | D:8      | 7130 ||| INVOKING Spit Poison.
  7294 | D:8      | 7294 ||| INVOKING Spit Poison.
  7303 | D:8      | Reached XP level 10. HP: 94/94 MP: 9/9
  7303 | D:8      | 7303 ||| INVOKING Spit Poison.
  7309 | D:8      | 7309 ||| INVOKING Spit Poison.
  7312 | D:8      | Reached skill level 11 in Ranged Weapons
  7348 | D:8      | 7348 ||| INVOKING Spit Poison.
  7352 | D:8      | 7352 ||| INVOKING Spit Poison.
  7356 | D:8      | 7356 ||| INVOKING Spit Poison.
  7360 | D:8      | 7360 ||| INVOKING Spit Poison.
  7380 | D:8      | 7380 ||| INVOKING Spit Poison.
  7386 | D:8      | 7386 ||| INVOKING Spit Poison.
  7390 | D:8      | 7390 ||| INVOKING Spit Poison.
  7394 | D:8      | 7394 ||| INVOKING Spit Poison.
  7436 | D:8      | 7436 ||| INVOKING Spit Poison.
  7444 | D:8      | 7444 ||| INVOKING Spit Poison.
  7737 | D:8      | Found an iron altar of Okawaru.
  7738 | D:8      | 7738 ||| PLANNING OKAWARU WORSHIP
  7738 | D:8      | 7738 ||| DROPPING scarf of shadows.
  7746 | D:8      | Became a worshipper of Warmaster Okawaru
  7747 | D:8      | 7747 ||| PLANNING D:1-11
  7894 | D:8      | You fall into a shaft and drop 2 floors!
  7894 | D:10     | Entered Level 10 of the Dungeon
  7897 | D:10     | 7897 ||| INVOKING Spit Poison.
  7898 | D:10     | 7898 ||| Stepping ~*~*~tactically~*~*~ (outnumbered).
  7899 | D:10     | 7899 ||| Stepping ~*~*~tactically~*~*~ (outnumbered).
  7903 | D:10     | 7903 ||| INVOKING Spit Poison.
  7906 | D:10     | 7906 ||| INVOKING Spit Poison.
  7912 | D:10     | 7912 ||| INVOKING Spit Poison.
  7955 | D:10     | Noticed a two-headed ogre
  7958 | D:10     | Noticed a purple ugly thing
  7959 | D:10     | Noticed a boulder beetle
  7960 | D:10     | Noticed a centaur warrior
  7965 | D:10     | 7965 ||| INVOKING Spit Poison.
  7969 | D:10     | 7969 ||| INVOKING Spit Poison.
  7972 | D:10     | Killed a two-headed ogre
  7972 | D:10     | Reached * piety under Okawaru
  7973 | D:10     | 7973 ||| INVOKING Heroism.
  7977 | D:10     | 7977 ||| INVOKING Spit Poison.
  7987 | D:10     | 7987 ||| INVOKING Heroism.
  7988 | D:10     | 7988 ||| INVOKING Heroism.
  7989 | D:10     | 7989 ||| INVOKING Spit Poison.
  7999 | D:10     | 7999 ||| INVOKING Spit Poison.
  8202 | D:10     | 8202 ||| INVOKING Spit Poison.
  8208 | D:10     | 8208 ||| INVOKING Spit Poison.
  8219 | D:10     | Noticed a centaur warrior
  8225 | D:10     | 8225 ||| INVOKING Heroism.
  8228 | D:10     | HP: 20/97 [centaur warrior/arrow (15)]
  8229 | D:10     | 8229 ||| DRINKING 2 potions of heal wounds.
  8230 | D:10     | 8230 ||| INVOKING Spit Poison.
  8233 | D:10     | Killed a centaur warrior
  8409 | D:10     | 8409 ||| SWAPPING to +0 orcbow.
  8417 | D:10     | Reached skill level 1 in Invocations
  8442 | D:10     | 8442 ||| DROPPING +1 shortbow of freezing.
  8514 | D:10     | 8514 ||| INVOKING Heroism.
  8515 | D:10     | 8515 ||| INVOKING Spit Poison.
  8521 | D:10     | 8521 ||| INVOKING Spit Poison.
  8529 | D:10     | 8529 ||| INVOKING Heroism.
  8531 | D:10     | 8531 ||| INVOKING Spit Poison.
  8532 | D:10     | Killed a boulder beetle
  8533 | D:10     | Reached skill level 12 in Ranged Weapons
  8533 | D:10     | Reached skill level 3 in Invocations
  8606 | D:9      | 8606 ||| INVOKING Heroism.
  8607 | D:9      | 8607 ||| INVOKING Spit Poison.
  8612 | D:9      | Reached XP level 11. HP: 94/104 MP: 9/12
  8616 | D:9      | 8616 ||| INVOKING Spit Poison.
  8623 | D:9      | 8623 ||| INVOKING Spit Poison.
  8624 | D:9      | HP: 22/97 [wight/+4 battleaxe of freezing (5)]
  8625 | D:9      | 8625 ||| DRINKING potion of heal wounds.
  8629 | D:9      | HP: 22/97 [wight/+4 battleaxe of freezing (5)]
  8636 | D:9      | 8636 ||| INVOKING Heroism.
  8639 | D:9      | Reached skill level 3 in Armour
  8856 | D:9      | Noticed Maggie
  8858 | D:9      | 8858 ||| INVOKING Spit Poison.
  8862 | D:9      | 8862 ||| INVOKING Spit Poison.
  8867 | D:9      | 8867 ||| INVOKING Spit Poison.
  8873 | D:9      | 8873 ||| INVOKING Spit Poison.
  8874 | D:9      | Killed Maggie
  8874 | D:9      | Reached ** piety under Okawaru
  8913 | D:9      | 8913 ||| INVOKING Spit Poison.
  8917 | D:9      | 8917 ||| INVOKING Heroism.
  8920 | D:9      | 8920 ||| INVOKING Spit Poison.
  8929 | D:9      | 8929 ||| Stepping ~*~*~tactically~*~*~ (outnumbered).
  8933 | D:9      | 8933 ||| INVOKING Spit Poison.
  8942 | D:9      | 8942 ||| INVOKING Spit Poison.
  8949 | D:9      | 8949 ||| INVOKING Spit Poison.
  8954 | D:9      | 8954 ||| INVOKING Spit Poison.
  8960 | D:9      | 8960 ||| INVOKING Spit Poison.
  8968 | D:9      | 8968 ||| INVOKING Spit Poison.
  8969 | D:9      | 8969 ||| INVOKING Heroism.
  8973 | D:9      | 8973 ||| INVOKING Spit Poison.
  9018 | D:9      | 9018 ||| INVOKING Heroism.
  9020 | D:9      | 9020 ||| INVOKING Spit Poison.
  9024 | D:9      | 9024 ||| INVOKING Spit Poison.
  9031 | D:9      | 9031 ||| INVOKING Spit Poison.
  9038 | D:9      | 9038 ||| INVOKING Heroism.
  9041 | D:9      | 9041 ||| INVOKING Spit Poison.
  9174 | D:9      | Found a staircase to the Lair.
  9446 | D:8      | 9446 ||| INVOKING Spit Poison.
  9453 | D:8      | 9453 ||| INVOKING Spit Poison.
  9457 | D:8      | 9457 ||| INVOKING Spit Poison.
  9499 | D:8      | 9499 ||| PLANNING LAIR
  9554 | D:8      | 9554 ||| INVOKING Heroism.
  9584 | Lair:1   | Entered Level 1 of the Lair of Beasts
  9640 | Lair:1   | 9640 ||| INVOKING Heroism.
  9641 | Lair:1   | 9641 ||| INVOKING Spit Poison.
  9647 | Lair:1   | 9647 ||| INVOKING Spit Poison.
  9687 | Lair:1   | 9687 ||| INVOKING Heroism.
  9691 | Lair:1   | 9691 ||| INVOKING Spit Poison.
  9700 | Lair:1   | 9700 ||| INVOKING Spit Poison.
  9787 | Lair:1   | 9787 ||| INVOKING Spit Poison.
  9793 | Lair:1   | Reached skill level 13 in Ranged Weapons
  9795 | Lair:1   | 9795 ||| INVOKING Spit Poison.
  9863 | Lair:1   | 9863 ||| INVOKING Spit Poison.
  9868 | Lair:1   | 9868 ||| INVOKING Spit Poison.
  9951 | Lair:1   | 9951 ||| INVOKING Spit Poison.
  9956 | Lair:1   | 9956 ||| INVOKING Spit Poison.
  9961 | Lair:1   | 9961 ||| INVOKING Spit Poison.
 10023 | Lair:1   | 10023 ||| INVOKING Spit Poison.
 10205 | Lair:1   | 10205 ||| INVOKING Heroism.
 10209 | Lair:1   | Reached skill level 9 in Fighting
 10230 | Lair:1   | 10230 ||| INVOKING Heroism.
 10314 | Lair:1   | 10314 ||| INVOKING Spit Poison.
 10330 | Lair:1   | 10330 ||| INVOKING Spit Poison.
 10334 | Lair:1   | 10334 ||| INVOKING Spit Poison.
 10341 | Lair:1   | 10341 ||| INVOKING Spit Poison.
 10380 | Lair:1   | 10380 ||| INVOKING Heroism.
 10570 | Lair:1   | 10570 ||| INVOKING Spit Poison.
 10733 | Lair:1   | 10733 ||| DROPPING amulet of the acrobat.
 10734 | Lair:1   | 10734 ||| DROPPING amulet of regeneration.
 10735 | Lair:1   | 10735 ||| UPGRADING to +6 ring of dexterity.
 10737 | Lair:1   | 10737 ||| UPGRADING to +4 ring of protection.
 10772 | Lair:2   | 10772 ||| INVOKING Heroism.
 10795 | Lair:2   | 10795 ||| INVOKING Spit Poison.
 10796 | Lair:2   | 10796 ||| Stepping ~*~*~tactically~*~*~ (cloud).
 10797 | Lair:2   | 10797 ||| INVOKING Heroism.
 10798 | Lair:2   | 10798 ||| INVOKING Spit Poison.
 10799 | Lair:2   | Noticed a skyshark
 10808 | Lair:2   | 10808 ||| INVOKING Spit Poison.
 10811 | Lair:2   | 10811 ||| INVOKING Heroism.
 10816 | Lair:2   | 10816 ||| INVOKING Spit Poison.
 10816 | Lair:2   | HP: 26/106 [skyshark (4)]
 10818 | Lair:2   | HP: 9/106 [black mamba (9)]
 10819 | Lair:2   | Mangled by a skyshark

Levels and vault maps discovered:
D:1:      lemuel_arrival_river_bridge, layout_basic, serial_forest,
          infiniplex_forest_lined_3_way, infiniplex_forest_clump_small,
          infiniplex_forest_join, infiniplex_forest_straight_3,
          infiniplex_forest_lined_3, infiniplex_forest_clump_long,
          infiniplex_forest_lined_2, infiniplex_forest_straight_4,
          minmay_pentomino_v4
D:2:      layout_basic
D:3:      kennysheep_the_goblin_king, layout_basic, portal_sewer_entry_d,
          kennysheep_nondescript
D:4:      nicolae_BIG_FREAKIN_CUBE, layout_basic, nicolae_sif_muna_condensation,
          minmay_temple_entry_drinking_statues, serial_shops, shop,
          serial_park_tiny_2, uniq_sigmund
D:5:      layout_gridville
D:6:      layout_basic, worldfamousw_hep_ancestral_shrine, serial_shops,
          nicolae_shop_rolling_square, shop, shop, nicolae_shop_window_shopping,
          shop, minmay_shop_damaged, uniq_prince_ribbit1, uniq_grinder
D:7:      layout_loops_corners, ebering_ghost_rock_garden, corexii_checkpoint_b
D:8:      layout_basic, mainiacjoe_overflow_boulevard,
          nicolae_ashenzari_skybound
D:9:      layout_cave_pools, chequers_temple_overflow_statue_of_worship,
          lemuel_tele_altar, mainiacjoe_overflow_tiny_flanked, lair_entry_dummy,
          serial_glass, glass_columns_a, glass_columns_b, due_unseen_surprise,
          minmay_strange_pillars, minmay_strange_pillars, item_on_display_b,
          gammafunk_ghost_necromancy, uniq_maggie
D:10:     layout_loops_corners, orc_0_dummy, minmay_diamond_spiral, uniq_grum
Temple:   nicolae_temple_two_arcs
Lair:1:   layout_gridlike, serial_bayou_shore_b, lemuel_fruit_fields
Lair:2:   layout_layer_cave, guppyfry_snake_entry_island,
          gammafunk_ghost_hydra_chop

Skill      XL: |  1  2  3  4  5  6  7  8  9 10 11 |
---------------+----------------------------------+-----
Ranged Weapons | 4 5 6 7 9 10 12 13 | 13.0
Fighting       | 3 4 6 7 8 9 |  9.0
Dodging        | 2 3 4 5 |  5.6
Armour         | 2 3 |  3.0
Invocations    | 3 4 |  4.3
Stealth        | |  1.5

Action                     |  1- 3 |  4- 6 |  7- 9 | 10-12 || total
---------------------------+-------+-------+-------+-------++-------
   Fire: Shortbow          |    56 |   184 |   389 |   132 ||   761
         Orcbow            |       |       |       |   289 ||   289
 Invoke: Heroism           |       |       |       |    20 ||    20
Ability: Spit Poison       |    23 |    58 |    93 |    71 ||   245
    Use: Scroll            |     4 |     4 |    15 |       ||    23
         Potion            |     2 |     3 |     5 |     2 ||    12
 Armour: Leather armour    |     3 |    76 |     3 |       ||    82
         Robe              |       |       |   167 |   136 ||   303
  Dodge: Dodged            |     6 |    73 |   153 |   214 ||   446

Table legend:
 A = Non-vault XP
 B = Vault XP
 C = Vault XP percentage of total XP
 D = Non-vault monster count
 E = Vault monster count
 F = Vault count percentage of total count
                 A         B        C        D         E       F
            +---------+---------+-------+---------+---------+-------
      Total |   13518 |    2493 |  15.6 |     239 |      70 |  22.7
            +---------+---------+-------+---------+---------+-------
        D:1 |      44 |       6 |  12.0 |      24 |       4 |  14.3
        D:2 |      61 |       0 |   0.0 |      15 |       0 |   0.0
        D:3 |     179 |      26 |  12.7 |      22 |       8 |  26.7
        D:4 |     323 |     231 |  41.7 |      15 |       1 |   6.2
        D:5 |     537 |       0 |   0.0 |      17 |       0 |   0.0
        D:6 |    1324 |     555 |  29.5 |      23 |       2 |   8.0
        D:7 |     576 |       2 |   0.3 |      33 |       2 |   5.7
        D:8 |    1735 |       0 |   0.0 |      29 |       0 |   0.0
        D:9 |    2400 |     389 |  13.9 |      25 |       1 |   3.8
       D:10 |    2331 |    1012 |  30.3 |      15 |       2 |  11.8
     Lair:1 |    3068 |       0 |   0.0 |      18 |       0 |   0.0
     Lair:2 |     940 |       0 |   0.0 |       3 |       0 |   0.0
      Sewer |       0 |     272 | 100.0 |       0 |      50 | 100.0
            +---------+---------+-------+---------+---------+-------
